 Dungeon Crawl Stone Soup version 0.18.1-6-gd335043 (webtiles) character file.

14420 Moloch the Severer (level 11, 0/104 HPs)
             Began as a Deep Dwarf Fighter on May 19, 2016.
             Was a High Priest of Makhleb.
             Slain by a skeletal warrior
             ... wielding a +0 halberd
             ... led by a skeletal warrior
              (23 damage)
             ... on level 11 of the Dungeon.
             The game lasted 00:23:03 (9529 turns).

Moloch the Severer (Deep Dwarf Fighter)             Turns: 9529, Time: 00:23:04

Health: 0/104      AC: 20    Str: 23    XL:     11   Next: 88%
Magic:  8/8        EV:  5    Int:  9    God:    Makhleb [*****.]
Gold:   1070       SH: 11    Dex: 12    Spells: 0 memorised, 10 levels left

rFire  . . .     SeeInvis .     O - +3 war axe
rCold  + . .     Gourm    .     L - +0 plate armour
rNeg   + . .     Faith    .     c - +0 shield
rPois  .         Spirit   .     G - +0 helmet
rElec  .         Dismiss  .     H - +0 cloak
rCorr  .         Reflect  .     o - +2 pair of gloves
SustAt .         Harm     .     (no boots)
MR     +....                    q - amulet of rage
Stlth  ..........               (no ring)
                                s - ring of positive energy

@: exhausted, non-regenerating, somewhat resistant to hostile enchantments,
extremely unstealthy
A: damage resistance, recharge devices, cold resistance 1, low mp 1, mutation
resistance 1, sense surroundings 2, slow regeneration 3
a: Device Recharging, Minor Destruction, Lesser Servant of Makhleb, Major
Destruction, Greater Servant of Makhleb, Renounce Religion, Evoke Berserk Rage


You were on level 11 of the Dungeon.
You worshipped Makhleb.
Makhleb was extremely pleased with you.
You were not hungry.

You visited 1 branch of the dungeon, and saw 11 of its levels.
You also visited: Sewer and Ossuary.

You collected 1070 gold pieces.

Inventory:

Hand Weapons
 N - a +2 morningstar of crushing
 O - a +3 war axe (weapon)
Missiles
 h - 7 javelins
 r - 10 tomahawks (quivered)
 y - 6 steel javelins
Armour
 c - a +0 shield (worn)
 o - a +2 pair of gloves (worn)
 G - a +0 helmet (worn)
 H - a +0 cloak (worn)
 L - a +0 plate armour (worn)
Jewellery
 q - an amulet of rage (around neck)
 s - a ring of positive energy (left hand)
Wands
 d - a wand of paralysis (17/24)
 e - a wand of heal wounds (5/9)
 K - a wand of teleportation (1/9)
 S - a wand of lightning (3/15)
Scrolls
 b - a scroll of random uselessness {unknown}
 g - a scroll of enchant weapon {unknown}
 i - 2 scrolls of enchant armour {unknown}
 p - 3 scrolls of magic mapping {unknown}
 w - 8 scrolls of teleportation {unknown}
 A - 4 scrolls of recharging {unknown}
 B - 2 scrolls of noise {unknown}
 D - 7 scrolls of remove curse {unknown}
 E - 4 scrolls of amnesia {unknown}
 I - 2 scrolls of fear {unknown}
 M - a scroll of immolation {unknown}
 Q - a scroll of identify
Potions
 j - 2 potions of brilliance
 k - 4 potions of heal wounds
 l - 3 potions of agility
 m - 2 potions of haste
 n - 9 potions of curing
 t - a potion of mutation {unknown}
 u - 3 potions of resistance {unknown}
 v - 6 potions of flight {unknown}
 z - 5 potions of lignification {unknown}
 F - 4 potions of might
Books
 P - a book of Alchemy

   Spells                             Type                      Level
   a - Sublimation of Blood           Necromancy                   2
   b - Ignite Poison                  Fire/Transmutation/Poison    3
   c - Petrify                        Transmutation/Earth          4
   d - Alistair's Intoxication        Transmutation/Poison         5
   e - Irradiate                      Conjuration/Transmutation    5
Miscellaneous
 a - an ornate deck of summoning {Repulsiveness}
 R - a phantom mirror
Comestibles
 f - 5 bread rations
 x - 2 beef jerkies
 C - 8 meat rations
 J - 4 chunks of flesh


   Skills:
 + Level 8.6 Fighting
 + Level 15.4 Axes
 + Level 8.5 Armour
 + Level 7.0 Shields


You had 10 spell levels left.
You didn't know any spells.

Dungeon Overview and Level Annotations

Branches:
Dungeon (11/15)            Temple (0/1) D:7            Lair (0/8) D:8
    Orc: D:9-12

Altars:
Ashenzari
Cheibriados
Dithmenos
Elyvilon
Fedhas
Kikubaaqudgha
Nemelex Xobeh
Okawaru
Sif Muna
Trog
Xom
Yredelemnul


Innate Abilities, Weirdness & Mutations

You are resistant to damage.
You can recharge devices by infusing magical energy.
You passively map the area around you.
You do not regenerate naturally.
Your flesh is cold resistant.
Your magical capacity is low (-10% MP).
You are somewhat resistant to further mutation.


Message History

* * * LOW HITPOINT WARNING * * *
You hit the skeletal warrior but do no damage.
You closely miss the skeletal warrior.
You block the skeletal warrior's attack.
You hit the skeletal warrior but do no damage.
The skeletal warrior hits you but does no damage.
You hit the skeletal warrior but do no damage.
You hit the skeletal warrior but do no damage.
The skeletal warrior hits you but does no damage.
You hit the skeletal warrior.
The skeletal warrior is lightly damaged.
The skeletal warrior hits you with a halberd.
* * * LOW HITPOINT WARNING * * *
You hear a distant slurping noise.
You barely miss the skeletal warrior.
The skeletal warrior is lightly damaged.
You slash the skeletal warrior!
The skeletal warrior is lightly damaged.
The skeletal warrior hits you with a halberd!!
You die...

#.##..#.#.......#
#.##..#.#######.#
#.##..#.(....##.#
#.##....#.#..##.#
#....##.#<)..##.#
#######.#....##.#
#.#....##.#
#.....z##.#
######.#.@...#
#######.))...#.#######
#.....#.######.......#
#.###.#.############.#
#.# #................#
#.#####.##############
#.....#.....#
#####.#.###[#
#.#####.#


You could see a skeletal warrior.

Vanquished Creatures
  A tengu warrior (D:11)
  Urug (D:10)
  2 skeletal warriors (D:11)
  An unseen horror (D:8)
  3 hill giants
  A cyclops (D:11)
  2 centaur zombies
  A gargoyle (D:11)
  Psyche (D:8)
  2 kobold demonologists
  Grinder (Sewer)
  Sigmund (D:6)
  A wraith (D:11)
  6 yaks
  3 hippogriffs (D:8)
  2 hungry ghosts
  4 orc warriors
  2 ice beasts
  An eye of draining (D:10)
  3 sky beasts
  3 black bears
  3 phantoms
  2 ogres
  4 centaurs
  A crocodile (D:8)
  7 big kobolds
  4 giant frogs
  4 scorpions
  6 killer bees (D:7)
  24 wights
  2 howler monkeys
  2 vampire bats (D:2)
  3 crimson imps
  A giant frog zombie (D:8)
  A quasit (D:8)
  5 orc priests
  5 jellies
  3 giant frog skeletons
  4 hounds
  8 orc wizards
  Terence (D:3)
  5 iguanas
  11 worker ants
  A killer bee zombie (D:11)
  A sheep (D:8)
  2 big kobold zombies (Sewer)
  A hound skeleton (D:11)
  2 hound zombies
  8 mummies (Ossuary)
  A gnoll (D:9)
  12 adders
  A shadow imp (Sewer)
  3 ufetubi (Sewer)
  3 oozes
  An adder zombie (Sewer)
  An adder skeleton (D:9)
  2 worms
  A dart slug (D:4)
  2 giant geckos
  28 orcs
  8 bats
  4 bat skeletons (D:2)
  3 bat zombies (D:2)
  9 giant cockroaches
  3 gnoll zombies (Ossuary)
  5 goblins
  8 hobgoblins
  7 jackals
  4 quokkas
  4 ball pythons
  A giant gecko zombie (D:8)
  7 giant newts
  2 hobgoblin zombies (Ossuary)
  53 kobolds
  3 kobold zombies
  An orc zombie (Ossuary)
  5 rats
345 creatures vanquished.

Vanquished Creatures (others)
  A kobold zombie (Sewer)
1 creature vanquished.

Grand Total: 346 creatures vanquished

Notes
Turn   | Place    | Note
--------------------------------------------------------------
     0 | D:1      | Moloch the Deep Dwarf Fighter began the quest for the Orb.
     0 | D:1      | Reached XP level 1. HP: 20/20 MP: 1/1
   144 | D:1      | Reached skill level 3 in Axes
   144 | D:1      | Reached XP level 2. HP: 25/27 MP: 2/2
   760 | D:2      | Reached skill level 4 in Axes
   760 | D:2      | Reached XP level 3. HP: 27/33 MP: 3/3
  1037 | D:2      | Found an ancient bone altar of Kikubaaqudgha.
  1043 | D:2      | Reached skill level 5 in Axes
  1043 | D:2      | Reached XP level 4. HP: 28/40 MP: 4/4
  1222 | D:2      | Found a blossoming altar of Fedhas.
  1267 | D:3      | Reached XP level 5. HP: 33/46 MP: 5/5
  1379 | D:3      | Found a shadowy altar of Dithmenos.
  1400 | D:3      | Found a glowing drain.
  1426 | Sewer    | Entered a sewer
  1446 | Sewer    | Reached skill level 6 in Axes
  1617 | Sewer    | Found a burning altar of Makhleb.
  1638 | Sewer    | Reached skill level 7 in Axes
  1638 | Sewer    | Reached XP level 6. HP: 35/55 MP: 6/6
  1645 | Sewer    | Became a worshipper of Makhleb the Destroyer
  1862 | Sewer    | Noticed an apprentice kobold demonologist
  1865 | Sewer    | Killed an apprentice kobold demonologist
  1865 | Sewer    | Reached skill level 9 in Axes
  1865 | Sewer    | Reached XP level 7. HP: 56/61 MP: 7/7
  1870 | Sewer    | Noticed Grinder
  1870 | Sewer    | Paralysed by Grinder for 6 turns
  1892 | Sewer    | Killed Grinder
  2081 | D:3      | Noticed Terence
  2102 | D:3      | Killed Terence
  2169 | D:3      | Reached * piety under Makhleb
  2483 | D:3      | Found a shimmering altar of Xom.
  2688 | D:4      | Reached skill level 10 in Axes
  2915 | D:4      | Reached XP level 8. HP: 33/68 MP: 8/8
  3320 | D:4      | Found a white marble altar of Elyvilon.
  3440 | D:4      | Found a deep blue altar of Sif Muna.
  3475 | D:5      | Entered Level 5 of the Dungeon
  3497 | D:5      | Found a bloodstained altar of Trog.
  3688 | D:5      | Reached skill level 11 in Axes
  3790 | D:5      | Found a sand-covered staircase.
  3797 | Ossuary  | Entered an ossuary
  3810 | Ossuary  | Reached ** piety under Makhleb
  4365 | D:5      | Found a basalt altar of Yredelemnul.
  4559 | D:6      | Noticed Sigmund
  4574 | D:6      | Killed Sigmund
  4923 | D:6      | Reached skill level 12 in Axes
  4934 | D:6      | Gained mutation: You passively map the area around you. [Deep Dwarf growth]
  4934 | D:6      | Reached XP level 9. HP: 56/78 MP: 9/9
  5150 | D:6      | Reached *** piety under Makhleb
  5396 | D:7      | Reached skill level 5 in Fighting
  5567 | D:7      | Reached skill level 13 in Axes
  5595 | D:7      | Reached **** piety under Makhleb
  5640 | D:7      | Found a staircase to the Ecumenical Temple.
  5816 | D:7      | Found a shattered altar of Ashenzari.
  6015 | D:8      | Noticed Psyche
  6027 | D:8      | Killed Psyche
  6027 | D:8      | Reached skill level 5 in Armour
  6121 | D:8      | Found a large runed door.
  6121 | D:8      | Found a large runed door.
  6159 | D:8      | Reached XP level 10. HP: 78/91 MP: 10/10
  6274 | D:8      | Found a large runed door.
  6274 | D:8      | Found a large runed door.
  6353 | D:8      | Killed an unseen horror
  6762 | D:8      | Found a staircase to the Lair.
  6810 | D:8      | Reached ***** piety under Makhleb
  7137 | D:9      | Reached skill level 14 in Axes
  7356 | D:9      | Gained mutation: Your flesh is cold resistant. [mutagenic meat]
  7357 | D:9      | Gained mutation: You are somewhat resistant to further mutation. [mutagenic meat]
  7359 | D:9      | Gained mutation: Your magical capacity is low (-10% MP). [mutagenic meat]
  7511 | D:9      | Reached skill level 5 in Shields
  7531 | D:9      | Found a sparkling altar of Nemelex Xobeh.
  7618 | D:9      | Found an iron altar of Okawaru.
  7783 | D:9      | Reached XP level 11. HP: 100/100 MP: 9/9
  7903 | D:10     | Entered Level 10 of the Dungeon
  7929 | D:10     | Found a snail-covered altar of Cheibriados.
  8053 | D:10     | Noticed Urug
  8082 | D:10     | Killed Urug
  8138 | D:10     | Noticed a hill giant
  8153 | D:10     | Killed a hill giant
  8683 | D:11     | Noticed a hill giant
  8693 | D:11     | Killed a hill giant
  8755 | D:11     | Noticed a hill giant
  8766 | D:11     | Killed a hill giant
  8854 | D:11     | Reached skill level 15 in Axes
  9027 | D:11     | Noticed a skeletal warrior
  9147 | D:11     | Noticed a soul eater
  9180 | D:11     | Noticed a tengu warrior
  9196 | D:11     | Killed a tengu warrior
  9471 | D:11     | Noticed a skeletal warrior
  9479 | D:11     | Killed a skeletal warrior
  9484 | D:11     | Killed a skeletal warrior
  9517 | D:11     | Noticed a skeletal warrior
  9529 | D:11     | Slain by a skeletal warrior

Skill      XL: |  1  2  3  4  5  6  7  8  9 10 11 |
---------------+----------------------------------+-----
Axes           | 3 4 5 7 9 10 12 13 14 15 | 15.4
Fighting       | 4 6 7 8 |  8.6
Armour         | 5 7 8 |  8.5
Shields        | 5 7 |  7.0

Action                   |  1- 3 |  4- 6 |  7- 9 | 10-12 || total
-------------------------+-------+-------+-------+-------++-------
Melee: War axe           |   103 |   169 |   498 |   548 ||  1318
Throw: Tomahawk          |       |       |       |     3 ||     3
 Abil: Evoke Berserk Rag |       |       |     3 |     7 ||    10
       Device Recharging |       |       |       |     1 ||     1
Evoke: Wand              |       |     4 |    11 |     1 ||    16
  Use: Potion            |       |     1 |     1 |       ||     2
       Scroll            |       |       |     1 |     4 ||     5
 Stab: Paralysed         |       |       |     5 |       ||     5
  Eat: Chunk             |     1 |     2 |    17 |    23 ||    43
       Beef jerky        |       |       |       |     2 ||     2
       Pizza             |       |       |       |     1 ||     1
Armor: Scale mail        |    24 |       |       |       ||    24
       Chain mail        |    45 |   109 |   105 |       ||   259
       Plate armour      |       |       |   183 |   330 ||   513
Dodge: Dodged            |    29 |    59 |    84 |    66 ||   238
Block: Shield            |    62 |    90 |   218 |   227 ||   597
